 Dungeon Crawl Stone Soup version 0.30-a0-368-g86fb4627a9 (webtiles) character file.

Game seed: 7715590316331651203

52 oldriver the Magician (level 3, -3/24 HPs)
             Began as a Mummy Necromancer on Nov 19, 2022.
             Killed from afar by an orc wizard (5 damage)
             ... with a magic dart
             ... on level 3 of the Dungeon.
             The game lasted 00:01:02 (1960 turns).

oldriver the Magician (Mummy Necromancer)           Turns: 1960, Time: 00:01:03

Health: -3/24      AC:  2    Str: 11    XL:     3   Next: 60%
Magic:  0/9        EV: 12    Int: 16    God:
Gold:   187        SH:  0    Dex: 12    Spells: 11/12 levels left

rFire   x . .      SeeInvis .    (no weapon)
rCold   + . .      Faith    +    (no shield)
rNeg    + + +      Spirit   .    a - +0 robe
rPois   ∞          Reflect  .    (no helmet)
rElec   .          Harm     .    (no cloak)
rCorr   .          Rampage  .    (no gloves)
Will    .....                    (no boots)
Stlth   ++........               (no amulet)
HPRegen 0.24/turn                (no ring)
MPRegen 0.11/turn                (no ring)

@: no status effects
A: cold resistance 1, negative energy resistance 3, torment resistance 2, heat
vulnerability 1, in touch with death 1, no potions, faith
a: no special abilities


You were on level 3 of the Dungeon.
You visited 1 branch of the dungeon, and saw 3 of its levels.

You collected 187 gold pieces.

Inventory:

Armour
 a - a +0 robe (worn)
Wands
 d - a wand of flame (4)
Scrolls
 b - 2 scrolls of torment {unknown}
 c - a scroll of vulnerability {unknown}
 e - 4 scrolls of identify {unknown}
 f - a scroll of enchant weapon {unknown}
 g - 2 scrolls of fear {unknown}
 h - a scroll of immolation {unknown}


   Skills:
 - Level 0.3 Fighting
 - Level 1.5 Dodging
 - Level 1.5 Stealth
 + Level 5.0 Spellcasting
 - Level 4.0 Necromancy


You had 11 spell levels left.
You knew the following spells:

 Your Spells              Type           Power      Damage    Failure   Level
a - Necrotise             Necr           100%       1d9       3%          1

Your spell library contained the following spells:

 Spells                   Type           Power      Damage    Failure   Level
 Vampiric Draining        Necr           25%        2d7       9%          3
 Animate Dead             Necr           25%        N/A       28%         4
 Agony                    Necr           25%        N/A       63%         5


Dungeon Overview and Level Annotations

Branches:
Dungeon (3/15)

Altars:


Innate Abilities, Weirdness & Mutations

You are immune to poison.
Your flesh is cold resistant. (rC+)
You are immune to negative energy. (rN+++)
You are immune to unholy pain and torment.
You are vulnerable to heat. (rF-)
You are in touch with the powers of death.
You do not drink.
You have a special connection with the divine. (Faith)


Message History

Your jackal skeleton is destroyed!
Your jackal skeleton bites the orc wizard.
Your jackal skeleton barely misses the orc wizard.
The orc wizard casts a spell.
The orc wizard flickers and vanishes!
Deactivating autopickup; reactivate with Ctrl-A.
You can't see any susceptible monsters within range! (Use Z to cast anyway.)
You can't see any susceptible monsters within range! (Use Z to cast anyway.)
You can't see any susceptible monsters within range! (Use Z to cast anyway.)
Your jackal skeleton crumbles into dust!
A magic dart appears from out of thin air!
The magic dart hits you. Something hits you.
You hit something. Something hits you.
You miss something. Something hits you.
You barely miss something. Something completely misses you.
Casting: Necrotise (safe; 3% risk of failure)
Confirm with . or Enter, or press ? or * to list all spells.
Aiming: Necrotise (safe; 3% risk of failure)
Press: ? - help, Shift-Dir - straight line You feel a surge of power!
Nothing appears to happen.
Something hits you.
Unknown command.
Casting: Necrotise (safe; 3% risk of failure)
Confirm with . or Enter, or press ? or * to list all spells.
Aiming: Necrotise (safe; 3% risk of failure)
Press: ? - help, Shift-Dir - straight line You feel a surge of power!
Something writhes in agony.
Something hits you.
* * * LOW HITPOINT WARNING * * *
Unknown command.
Casting: Necrotise (safe; 3% risk of failure)
Confirm with . or Enter, or press ? or * to list all spells.
You don't have enough magic to cast this spell.
You barely miss something. Something hits you.
* * * LOW HITPOINT WARNING * * *
You barely miss something. Something completely misses you.
You hit something.
You hear some strange, mumbled words.
A magic dart appears from out of thin air!
The magic dart hits you.
You die...

#.........# #.........#
#.........#########
#............##.!.#
#.........##....... ######
#.........###...... #....#
#.........#........
#....########...........#.)....
#>............@{.......))......
#....###.............#####..$..
#<...# #..........#..# ......
#..### #)......................
#..# #..........#####........
#..# #..........# #........
#..# #............. .........
.... ....(.......### ..... #..#
######.######


There were no monsters in sight!

Vanquished Creatures
  An adder (D:2)
  2 worms (D:2)
  A dart slug (D:1)
  2 orcs (D:3)
  3 bats
  2 endoplasms
  A hobgoblin (D:1)
  5 jackals (D:3)
  A kobold (D:1)
  4 quokkas
  3 goblins
  A rat (D:2)
26 creatures vanquished.

Vanquished Creatures (collateral kills)
  An orc (D:3)
  A kobold (D:3)
2 creatures vanquished.

Grand Total: 28 creatures vanquished

Notes
Turn   | Place    | Note
-------+----------+-------------------------------------------
     0 | D:1      | oldriver the Mummy Necromancer began the quest for the Orb.
     0 | D:1      | Reached XP level 1. HP: 13/13 MP: 4/4
   186 | D:1      | Reached skill level 3 in Spellcasting
   451 | D:1      | Reached XP level 2. HP: 19/19 MP: 2/6
  1067 | D:2      | Reached skill level 4 in Spellcasting
  1200 | D:2      | Gained mutation: You are in touch with the powers of death.
                  | [Mummy growth]
  1200 | D:2      | Reached XP level 3. HP: 18/24 MP: 0/8
  1373 | D:2      | Found a faded altar of an unknown god.
  1941 | D:3      | Reached skill level 5 in Spellcasting
  1960 | D:3      | Killed from afar by an orc wizard

Illustrated notes

Levels and vault maps discovered:
D:1:      roderic_chinese_lattice_arrival, layout_loops_ring,
          minmay_close_crescents
D:2:      layout_loops_corners, hellmonk_ecumenical_altar_zigzags
D:3:      layout_rooms

Skill      XL: |  1  2  3 |
---------------+----------+-----
Spellcasting   | 3 4 5 |  5.0
Fighting       | |  0.3
Dodging        | |  1.5
Stealth        | |  1.5
Necromancy     | |  4.0

Action                   || total
-------------------------++-------
Melee: Unarmed           ||    22
       Punch             ||     1
 Cast: Necrotise         ||    61
Armor: Robe              ||     5
Dodge: Dodged            ||    21

Table legend: (Time is in decaauts)
 A = Elapsed time spent in this place.
 B = Non-inter-level travel time spent in this place.
 C = Inter-level travel time spent in this place.
 D = Time resting spent in this place.
 E = Time spent auto-exploring this place.
 F = Levels seen in this place.
 G = Mean time per level.
                   A        B        C        D        E       F      G
               +--------+--------+--------+--------+--------+-----+--------+
         Total |   1959 |   1924 |     35 |     69 |   1669 |   3 |  653.0 |
       Dungeon |   1959 |   1924 |     35 |     69 |   1669 |   3 |  653.0 |
               +--------+--------+--------+--------+--------+-----+--------+

Top non-repeatable levels by time:
     D:2: 1008 daAuts
     D:1: 849 daAuts
     D:3: 101 daAuts
